Map: Crête de Lerilak

Players

Denver

  • Race: Zerg Zerg
  • League: Grandmaster

Elroye - Winner!

  • Race: Zerg Zerg
  • League: Diamond

VOD

Have the link to the VOD?

Description

Time

  • Played on: March 27, 2016, 1:04 p.m.
  • Length: 9:12
Show
View Real Time Build Order
Export as new Build Order

Denver Zerg 

Build Orders: Hatch First 

Get SALT Encoding   

  12  0:00  Drone  
  13  0:12  Overlord  
  13  0:17  Drone  
  14  0:30  Drone x2  
  14  0:35  Drone  
  17  0:54  Hatchery  
  17  0:56  Drone  
  17  0:58  Extractor  
  17  1:01  Drone  
  17  1:15  Spawning Pool  
  17  1:17  Drone  
  17  1:21  Drone  
  18  1:28  Drone  
  19  1:39  Overlord  
  19  1:50  Drone  
  20  2:01  Queen, Baneling Nest  
  20  2:02  Zergling x2  
  20  2:08  Queen  
  22  2:12  Zergling x2  
  25  2:18  Metabolic Boost  
  25  2:21  Drone  
  26  2:25  Drone  
  26  2:29  Drone  
  28  2:35  Zergling x2  
  28  2:36  Drone  
  30  2:43  Drone x2  
  32  2:46  Baneling  
  32  2:47  Baneling  
  33  2:51  Zergling x2  
  33  2:53  Drone  
  34  2:59  Queen  
  34  3:04  Overlord  
  35  3:06  Baneling x2  
  35  3:11  Overlord  
  34  3:23  Drone  
  34  3:24  Drone x2, Zergling x4  
  34  3:25  Baneling  
  37  3:29  Zergling x2  
  37  3:32  Zergling x2  
  30  3:49  Zergling x4  
  30  3:57  Drone x2  
  30  4:02  Drone  
  33  4:10  Drone x2  
  33  4:15  Drone  
  36  4:22  Drone x3  
  38  4:29  Drone x3  
  41  4:35  Drone  
  41  4:38  Drone x2  
  41  4:43  Zergling x4  
  45  4:48  Roach Warren  
  45  4:51  Zergling x4  
  45  4:57  Overlord  
  45  5:00  Baneling x2  
  45  5:06  Overlord x2  
  45  5:09  Overlord  
  45  5:21  Drone x4  
  45  5:22  Overlord  
  45  5:28  Roach x4  
  56  5:36  Lair  
  56  5:38  Extractor  
  56  5:42  Roach x3  
  59  5:46  Drone x2, Extractor  
  57  5:57  Roach x3  
  57  6:01  Zergling x2  
  57  6:02  Zergling x6  
  67  6:08  Zergling x4  
  69  6:12  Zergling x6  
  72  6:19  Ravager  
  72  6:22  Roach  
  75  6:27  Zergling x2  
  75  6:30  Hatchery  
  73  6:33  Zergling x4  
  73  6:35  Baneling  
  73  6:36  Overlord, Baneling x3  
  75  6:40  Overlord  
  75  6:44  Baneling x2  
  67  7:08  Roach  
  66  7:09  Roach x4  
  66  7:12  Extractor  
  66  7:14  Drone x7  
  80  7:22  Glial Reconstitution  
  80  7:25  Drone x2  
  82  7:32  Roach  
  84  7:37  Overlord  
  83  7:48  Drone x7  
  83  7:50  Hydralisk Den  
  88  8:08  Overlord x2  
  76  8:20  Hydralisk  
  76  8:21  Hydralisk x6  
  76  8:25  Roach x4  
  88  8:29  Roach  
  88  8:30  Queen  
  92  8:34  Roach x2  
  92  8:38  Spore Crawler  
  87  8:43  Hydralisk, Spore Crawler  
  87  8:44  Hydralisk  
Show
View Real Time Build Order
Export as new Build Order

Elroye Zerg - Winner!

Build Orders: Pool First 

Get SALT Encoding   

  12  0:01  Drone  
  13  0:12  Overlord  
  13  0:16  Drone  
  14  0:30  Drone x2  
  14  0:35  Drone  
  17  0:39  Extractor  
  16  0:46  Drone  
  17  0:50  Spawning Pool  
  17  0:56  Drone  
  17  1:16  Hatchery  
  16  1:21  Drone  
  17  1:36  Queen  
  17  1:39  Metabolic Boost  
  19  1:43  Zergling x2  
  20  1:47  Zergling x2  
  21  1:54  Overlord  
  21  1:58  Drone  
  22  2:06  Baneling Nest  
  21  2:12  Drone  
  22  2:19  Queen  
  24  2:25  Zergling x2  
  24  2:28  Zergling x2  
  26  2:30  Zergling x2  
  27  2:39  Zergling x4  
  29  2:45  Zergling x4  
  31  2:52  Zergling x4  
  31  2:56  Baneling x3  
  31  2:57  Baneling  
  33  3:02  Drone  
  34  3:11  Overlord  
  34  3:13  Drone  
  34  3:24  Drone x2  
  32  3:31  Baneling  
  29  3:36  Drone x2  
  29  3:40  Drone x2  
  32  3:44  Drone  
  32  3:45  Drone  
  32  3:51  Zergling x6  
  32  3:52  Zergling x2  
  36  4:01  Roach Warren  
  35  4:06  Overlord  
  35  4:08  Zergling x2  
  35  4:09  Baneling  
  36  4:10  Baneling  
  36  4:28  Drone x8  
  43  4:49  Extractor x2  
  43  4:52  Lair  
  41  4:54  Extractor  
  41  4:55  Drone x2  
  41  4:56  Drone x2  
  44  5:00  Overlord  
  44  5:02  Hatchery  
  43  5:08  Zergling x2  
  43  5:09  Overlord  
  44  5:17  Overlord  
  41  5:28  Zergling x10  
  42  5:29  Spine Crawler  
  42  5:31  Spine Crawler  
  42  5:32  Zergling x6  
  46  5:41  Zergling x4  
  46  5:42  Zergling x2  
  48  5:45  Drone x2  
  51  5:55  Extractor  
  51  5:56  Drone  
  52  6:00  Hatchery, Drone  
  52  6:01  Spire  
  53  6:05  Drone x3  
  57  6:11  Drone  
  57  6:15  Spine Crawler  
  57  6:18  Zergling x8  
  56  6:27  Zergling x4  
  56  6:30  Spine Crawler  
  56  6:31  Spine Crawler  
  56  6:32  Roach  
  55  6:34  Roach x2  
  55  6:35  Roach  
  55  6:37  Baneling  
  55  6:38  Baneling x2  
  61  6:42  Roach  
  61  6:44  Roach  
  61  6:46  Zergling x2  
  66  6:48  Baneling x2  
  66  6:59  Roach x2, Zergling x4  
  64  7:05  Roach x2, Zergling x2  
  63  7:11  Queen  
  63  7:14  Mutalisk  
  67  7:18  Mutalisk  
  69  7:24  Mutalisk  
  71  7:30  Mutalisk  
  71  7:34  Mutalisk x2  
  74  7:41  Overlord  
  73  7:50  Overlord  
  72  8:03  Mutalisk x3  
  78  8:10  Zergling x6  
  78  8:11  Zergling x2  
  82  8:19  Zergling x2  
  81  8:27  Mutalisk  
  83  8:39  Zergling x2  
  84  8:42  Overlord  
  84  8:43  Overlord  
Tags
 
Add a new tag
Caveats
  • Supply blocks, unpowered buildings, or Contaminate may cause inaccurate times.
  • Supply counts are checked every 10 seconds.